[Event "Queens Festival Europe 2022"]
[Site "Tornelo"]
[Date "2022.06.19"]
[Round "3.1"]
[White "Khalilova, Khadija"]
[Black "Omeri, Eklea"]
[Result "1/2-1/2"]
[ECO "B18"]
[WhiteElo "1777"]
[BlackElo "1525"]
[Annotator "NA RC"]
[PlyCount "112"]
[EventDate "2022.06.19"]
[EventType "swiss"]
[EventCountry "NET"]
[SourceTitle "playchess.com"]
[Source "ChessBase"]
[SourceQuality "1"]
[TimeControl "180+2"]

1. e4 c6 2. d4 d5 3. Nd2 dxe4 4. Nxe4 Bf5 5. Ng3 Bg6 6. Nf3 Nd7 7. Bf4 Ngf6 8. Bc4 e6 9. O-O Be7 10. Re1 O-O 11. h3 h6 12. c3 Nb6 13. Bb3 Nbd5 14. Be5 Nd7 15. Qd2 Nxe5 16. Nxe5 Bh7 17. a3 Bg5 18. Qd1 Bf6 19. Qf3 Bxe5 20. dxe5 Qb6 21. c4 Ne7 22. Rad1 Rad8 23. Rd6 Nc8 24. Rxd8 Rxd8 25. Ne4 Bxe4 26. Rxe4 Ne7 27. Rg4 Rd4 28. Qc3 Nf5 29. Bc2 Rxg4 30. hxg4 Nd4 31. Bb1 c5 32. Kh2 Qc7 33. f4 Qc6 34. b4 b6 35. Qd3 g6 36. Qh3 Kg7 37. g5 h5 38. Qd3 Qc7 39. Kg3 Nf5+ 40. Kf2 cxb4 41. axb4 h4 42. Qc3 Ne7 43. Be4 a6 44. Qd3 Nf5 45. Bxf5 exf5 46. Kf3 a5 47. bxa5 bxa5 48. Qd4 Kh7 49. Kf2 a4 50. c5 a3 51. Qc4 a2 52. Qxa2 Qxc5+ 53. Kf3 Qc6+ 54. Kf2 Qc5+ 55. Kf3 Qc6+ 56. Kf2 Qc5+ 1/2-1/2

[Event "Queens Festival Europe 2022"]
[Site "Tornelo"]
[Date "2022.06.19"]
[Round "3.1"]
[White "Vujovic, Vera"]
[Black "Ismayilova, Khanim"]
[Result "1-0"]
[ECO "B33"]
[WhiteElo "1353"]
[BlackElo "1647"]
[Annotator "NA RC"]
[PlyCount "75"]
[EventDate "2022.06.19"]
[EventType "swiss"]
[EventCountry "NET"]
[SourceTitle "playchess.com"]
[Source "ChessBase"]
[SourceQuality "1"]
[TimeControl "180+2"]

1. e4 c5 2. Nf3 Nc6 3. d4 cxd4 4. Nxd4 Nf6 5. Nc3 e5 6. Ndb5 d6 7. Bg5 a6 8. Na3 b5 9. Nd5 Be7 10. Bxf6 Bxf6 11. c4 b4 12. Nc2 a5 13. b3 O-O 14. Nce3 Nd4 15. Nc2 Nc6 16. a3 bxa3 17. Nxa3 Be6 18. Nc2 Bxd5 19. Qxd5 Qc7 20. Be2 Rfb8 21. Qd3 Ra7 22. Na3 Nb4 23. Qd2 Rab7 24. Nb5 Qc6 25. Rxa5 Na6 26. Qxd6 Qxd6 27. Nxd6 Rb6 28. Nb5 Nc5 29. b4 Nxe4 30. c5 R6b7 31. c6 Rb6 32. c7 Rc8 33. Bg4 Rbb8 34. cxb8=Q Rxb8 35. Bf3 Ng5 36. O-O e4 37. Be2 Ne6 38. Nd6 1-0

[Event "Queens Festival Europe 2022"]
[Site "Tornelo"]
[Date "2022.06.19"]
[Round "3.2"]
[White "Amrayeva, Aytan"]
[Black "Machlik, Monika"]
[Result "1/2-1/2"]
[ECO "A45"]
[WhiteElo "2143"]
[BlackElo "2134"]
[Annotator "NA RC"]
[PlyCount "109"]
[EventDate "2022.06.19"]
[EventType "swiss"]
[EventCountry "NET"]
[SourceTitle "playchess.com"]
[Source "ChessBase"]
[SourceQuality "1"]
[TimeControl "180+2"]

1. d4 Nf6 2. c3 e6 3. Bg5 c5 4. e3 b6 5. Nf3 Bb7 6. Bd3 Be7 7. O-O d5 8. Ne5 O-O 9. f4 Ne8 10. Bxe7 Qxe7 11. Nd2 Ba6 12. Ndf3 Bxd3 13. Nxd3 Nc6 14. Qe2 Nd6 15. Nfe5 Rac8 16. Rf3 f6 17. Nxc6 Rxc6 18. Rh3 Ne4 19. Qh5 g6 20. Qe2 Nd6 21. Rf1 Nf7 22. Rhf3 Nd6 23. Rh3 Rc7 24. g4 Nf7 25. Qf2 Nd6 26. Qe2 Ne4 27. Nf2 Nxf2 28. Qxf2 Rf7 29. Kh1 e5 30. f5 g5 31. Rg3 Qe8 32. Qd2 exd4 33. exd4 c4 34. Re3 Rfe7 35. Rfe1 Kf7 36. Qe2 Rxe3 37. Qxe3 Re7 38. Qxe7+ Qxe7 39. Rxe7+ Kxe7 40. Kg2 Kd6 41. Kf3 b5 42. Kg3 Kc6 43. h4 h6 44. hxg5 hxg5 45. Kf3 Kd6 46. Ke3 Kc6 47. Kd2 a5 48. Kc2 a4 49. a3 Kd6 50. Kd2 Kc6 51. Ke3 Kd6 52. Kf3 Kc6 53. Ke3 Kd6 54. Kf3 Kc6 55. Ke3 1/2-1/2

[Event "Queens Festival Europe 2022"]
[Site "Tornelo"]
[Date "2022.06.19"]
[Round "3.2"]
[White "Shuqja, Klean"]
[Black "Vujcic, Milena"]
[Result "0-1"]
[ECO "C77"]
[WhiteElo "1839"]
[BlackElo "1987"]
[Annotator "NA RC"]
[PlyCount "68"]
[EventDate "2022.06.19"]
[EventType "swiss"]
[EventCountry "NET"]
[SourceTitle "playchess.com"]
[Source "ChessBase"]
[SourceQuality "1"]
[TimeControl "180+2"]

1. e4 e5 2. Nf3 Nc6 3. Bb5 a6 4. Ba4 Nf6 5. d3 d6 6. O-O g6 7. c3 Bg7 8. Nbd2 O-O 9. Re1 Nd7 10. Nf1 Nc5 11. Bc2 Ne6 12. Ng3 Qf6 13. h3 h5 14. Nh2 Nf4 15. Qf3 Be6 16. Ne2 Nxe2+ 17. Rxe2 Qh4 18. Bb3 Bxb3 19. axb3 Ne7 20. Qe3 f5 21. Qg5 Qxg5 22. Bxg5 Nc6 23. exf5 gxf5 24. Bd2 d5 25. Nf3 e4 26. dxe4 fxe4 27. Ng5 Rae8 28. Be3 Ne5 29. Bd4 Rf5 30. h4 Ng4 31. Bxg7 Kxg7 32. f3 Nf6 33. fxe4 dxe4 34. Rae1 Rfe5 0-1

[Event "Queens Festival Europe 2022"]
[Site "Tornelo"]
[Date "2022.06.19"]
[Round "3.2"]
[White "Lampard, Alice"]
[Black "Rybackova, Lucie"]
[Result "1-0"]
[ECO "D95"]
[WhiteElo "1756"]
[BlackElo "1696"]
[Annotator "NA RC"]
[PlyCount "39"]
[EventDate "2022.06.19"]
[EventType "swiss"]
[EventCountry "NET"]
[SourceTitle "playchess.com"]
[Source "ChessBase"]
[SourceQuality "1"]
[TimeControl "180+2"]

1. d4 Nf6 2. c4 g6 3. Nc3 d5 4. Nf3 Bg7 5. Qb3 c6 6. e3 O-O 7. Bd2 Nbd7 8. cxd5 cxd5 9. Nxd5 e6 10. Nxf6+ Nxf6 11. Bd3 a6 12. O-O b5 13. a4 bxa4 14. Rxa4 Nd5 15. Rfa1 Qd6 16. e4 Nb6 17. Bb4 Qc6 18. Bxf8 Nxa4 19. Bxg7 Nxb2 20. Qxb2 1-0

[Event "Queens Festival Europe 2022"]
[Site "Tornelo"]
[Date "2022.06.19"]
[Round "3.2"]
[White "Bruntse, Caroline Lindegaard"]
[Black "Trivella, Maria"]
[Result "0-1"]
[ECO "E81"]
[WhiteElo "1503"]
[BlackElo "1269"]
[Annotator "NA RC"]
[PlyCount "62"]
[EventDate "2022.06.19"]
[EventType "swiss"]
[EventCountry "NET"]
[SourceTitle "playchess.com"]
[Source "ChessBase"]
[SourceQuality "1"]
[TimeControl "180+2"]

1. d4 Nf6 2. c4 d6 3. Nc3 g6 4. e4 Bg7 5. f3 O-O 6. Be3 Nbd7 7. Qd2 Re8 8. O-O-O a5 9. g4 c6 10. h4 Nf8 11. h5 e5 12. Nge2 exd4 13. Nxd4 d5 14. cxd5 cxd5 15. hxg6 hxg6 16. Bh6 Ne6 17. Nxe6 fxe6 18. Bxg7 Kxg7 19. Qh6+ Kf7 20. g5 Ng8 21. Qh7+ Kf8 22. Qxg6 Re7 23. Rh7 Qd7 24. Rxe7 Qxe7 25. exd5 Bd7 26. dxe6 Bxe6 27. Nd5 Rc8+ 28. Kb1 Qd7 29. Qd3 Bf5 30. Nc3 Bxd3+ 31. Rxd3 Qf5 0-1

[Event "Queens Festival Europe 2022"]
[Site "Tornelo"]
[Date "2022.06.19"]
[Round "3.3"]
[White "Kordzadze, Nino"]
[Black "Head, Louise"]
[Result "0-1"]
[ECO "D02"]
[WhiteElo "2043"]
[BlackElo "2025"]
[Annotator "NA RC"]
[PlyCount "82"]
[EventDate "2022.06.19"]
[EventType "swiss"]
[EventCountry "NET"]
[SourceTitle "playchess.com"]
[Source "ChessBase"]
[SourceQuality "1"]
[TimeControl "180+2"]

1. g3 d5 2. Bg2 c6 3. Nf3 Bf5 4. O-O e6 5. b3 h6 6. Bb2 Nf6 7. d4 Nbd7 8. Nbd2 Bd6 9. Ne5 O-O 10. e3 a5 11. a4 Rc8 12. c4 Bxe5 13. dxe5 Ng4 14. Nf3 Qc7 15. Qd4 c5 16. Qc3 h5 17. cxd5 exd5 18. Rfd1 Be6 19. Ng5 Rfe8 20. Bxd5 Bxd5 21. Rxd5 Nf8 22. Rad1 Re7 23. h3 Nh6 24. Rc1 b6 25. Rcd1 Ne6 26. Ne4 Rd8 27. Nd6 Rdd7 28. Nb5 Qb7 29. Rd6 Nf5 30. Rxd7 Rxd7 31. Qc2 Ne7 32. Rd6 Nc8 33. Rd2 Qc6 34. Qd1 Rxd2 35. Qxd2 Qe4 36. Nc3 Qc6 37. Nb5 c4 38. Qc2 Qf3 39. Qxc4 Ne7 40. Nd4 Qd1+ 41. Kg2 Ng5 0-1

[Event "Queens Festival Europe 2022"]
[Site "Tornelo"]
[Date "2022.06.19"]
[Round "3.3"]
[White "Bayona, Karin Silvana"]
[Black "Frundina, Yelyzaveta"]
[Result "1-0"]
[ECO "B92"]
[WhiteElo "1793"]
[BlackElo "1624"]
[Annotator "NA RC"]
[PlyCount "45"]
[EventDate "2022.06.19"]
[EventType "swiss"]
[EventCountry "NET"]
[SourceTitle "playchess.com"]
[Source "ChessBase"]
[SourceQuality "1"]
[TimeControl "180+2"]

1. e4 c5 2. Nf3 d6 3. d4 cxd4 4. Nxd4 Nf6 5. Nc3 a6 6. Be2 e5 7. Nb3 Be6 8. O-O Be7 9. Be3 O-O 10. f3 Nbd7 11. Qe1 b5 12. a3 Rc8 13. Qf2 d5 14. exd5 Nxd5 15. Nxd5 Bxd5 16. Bd3 Bh4 17. Qd2 Qf6 18. Bxh7+ Kxh7 19. Qxd5 Rfd8 20. Qe4+ Qg6 21. Qxh4+ Kg8 22. c3 Rc4 23. Qxd8+ 1-0

[Event "Queens Festival Europe 2022"]
[Site "Tornelo"]
[Date "2022.06.19"]
[Round "3.3"]
[White "Bakhshizada, Asnad"]
[Black "Catabay, Mae Katelyn Rose"]
[Result "1-0"]
[ECO "D85"]
[WhiteElo "1052"]
[BlackElo "1321"]
[Annotator "NA RC"]
[PlyCount "113"]
[EventDate "2022.06.19"]
[EventType "swiss"]
[EventCountry "NET"]
[SourceTitle "playchess.com"]
[Source "ChessBase"]
[SourceQuality "1"]
[TimeControl "180+2"]

1. d4 Nf6 2. c4 g6 3. Nc3 d5 4. cxd5 Nxd5 5. e4 Nxc3 6. bxc3 Bg7 7. Be3 c5 8. Nf3 Nc6 9. Rc1 cxd4 10. cxd4 Bd7 11. Bc4 O-O 12. O-O e6 13. d5 exd5 14. Bxd5 Re8 15. Bg5 Qb6 16. Bxf7+ Kxf7 17. Qxd7+ Kg8 18. Qd3 Qb4 19. Rfe1 Qf8 20. Rb1 Rab8 21. Bh4 Ne5 22. Nxe5 Bxe5 23. Bg3 Qe7 24. Bxe5 Qxe5 25. Qd5+ Qxd5 26. exd5 Rxe1+ 27. Rxe1 Rd8 28. Rd1 Kf7 29. f3 Kf6 30. Kf2 Ke5 31. Rb1 b6 32. Re1+ Kd6 33. a3 Rc8 34. Re6+ Kxd5 35. Re7 Rc2+ 36. Kg3 h5 37. Rxa7 g5 38. h3 Rc3 39. a4 Kc5 40. a5 b5 41. Rc7+ Kb4 42. Rxc3 Kxc3 43. a6 b4 44. a7 b3 45. a8=Q b2 46. Qb8 Kc2 47. Qc7+ Kd2 48. Qb6 Kc2 49. Qc5+ Kd1 50. Qb4 Kc2 51. Qc4+ Kd1 52. Qb3+ Kc1 53. Qc3+ Kb1 54. f4 gxf4+ 55. Kxf4 Ka2 56. Qc2 Ka1 57. Kg5 1-0

[Event "Queens Festival Europe 2022"]
[Site "Tornelo"]
[Date "2022.06.19"]
[Round "3.4"]
[White "Gueci, Tea"]
[Black "Steffensen, Elena"]
[Result "1-0"]
[ECO "A42"]
[WhiteElo "2248"]
[BlackElo "2044"]
[Annotator "TA"]
[PlyCount "93"]
[EventDate "2022.06.19"]
[EventType "swiss"]
[EventCountry "NET"]
[SourceTitle "playchess.com"]
[Source "ChessBase"]
[SourceQuality "1"]
[TimeControl "180+2"]

1. Nf3 g6 2. c4 Bg7 3. Nc3 e5 4. e4 d6 5. d4 Nc6 6. d5 Nd4 {[%emt 0:00:02] A42: Modern Defence: Averbakh Variation.} 7. Nxd4 exd4 8. Ne2 {[%emt 0:00:04] [#]} Nf6 $146 {[%emt 0:00:19] The position is equal.} ({Predecessor:} 8... c5 9. dxc6 bxc6 10. Nxd4 Qa5+ 11. Bd2 Qb6 12. Bc3 Ne7 13. Be2 O-O 14. O-O Rd8 {1-0 (73) Navrotescu,A (2247)-Mazanchenko,D (2161) Chess.com INT 2021}) 9. Qd3 ({White should try} 9. Qxd4 $11 O-O 10. Bg5) 9... O-O $1 $15 10. g3 {[%emt 0:00:29] [#]} (10. Bg5 $15) 10... Re8 (10... Nxe4 $1 $19 {[%mdl 512] and Black stays clearly on top.} 11. Qxe4 Re8) 11. Bg2 $17 {[%emt 0:00:02] [#]} c6 (11... Nxe4 $1 $17 12. Bxe4 Qe7) 12. O-O (12. dxc6 {is interesting.} Ng4 13. Nxd4 d5 14. c7) 12... b5 (12... c5 $15) 13. Nxd4 (13. dxc6 {looks sharper.} bxc4 14. Qxd4 Nxe4 15. Qxc4 d5 16. Qb5) 13... bxc4 14. Qxc4 cxd5 15. exd5 Bb7 (15... Qb6 $11 {keeps the balance.}) 16. Nc6 Bxc6 (16... Qb6 $16) 17. dxc6 $18 {[%emt 0:00:00] And now c7 would win.} ({Resist} 17. Qxc6 $6 Rc8 18. Qa4 Qd7 $14) 17... Rc8 (17... d5 $142 18. Qc2 Qb6) 18. Bf4 {[%emt 0:00:12] aiming for Rad1. This bishop pair is nice.} d5 19. Qa4 Qb6 20. c7 {[%emt 0:00:23] Black must now prevent Rac1.} Nh5 (20... g5 $142) 21. Bxd5 $2 (21. Rfe1 $18 Rf8 22. Rac1 (22. Bxd5 Nxf4 23. Qxf4 Qxc7 $14) 22... Nxf4 23. Qxf4) 21... Nxf4 $11 22. Qxf4 {[%emt 0:00:01] The board is on fire.} Qxc7 (22... Rxc7 {feels hotter.} 23. Rab1 Be5 24. Qe3 Qxe3 25. fxe3 Kg7) 23. Qxc7 Rxc7 24. Rac1 Rxc1 25. Rxc1 Bxb2 $14 {[%emt 0:00:02][%mdl 4096] Endgame KRB-KRB} 26. Rc7 Rf8 (26... Kh8 $14) 27. Rxa7 $16 {[%emt 0:00:04] White is more active.} Bd4 28. Rd7 Bc5 29. a4 {[%emt 0:00:05] Threatens to win with a5.} Kg7 $2 {[%emt 0:00:02] This move loses the game for Black.} (29... Rb8 $16 {is a better defense.} 30. Rc7 (30. Bxf7+ Kf8 $18) (30. Rxf7 Kh8 $18) 30... Bd4 31. Rxf7 (31. Bxf7+ Kf8 $18) 31... Kh8) 30. Kg2 (30. a5 $18) 30... Kf6 (30... Bb6 $16 31. f4 Kh6 32. Bxf7 Ra8) 31. a5 $18 Ke5 $2 (31... Re8 32. Rc7 (32. Rxf7+ Ke5 $18) (32. Bxf7 Ra8 $16) 32... Bd6) 32. a6 f5 (32... g5 $142 33. Bc6 Ke6) 33. Bf3 {[%emt 0:00:05] Strongly threatening Rd5+.} f4 34. a7 (34. Rd5+ $142 Ke6 35. Rxc5) 34... Bxa7 35. Rxa7 fxg3 36. hxg3 {[%emt 0:00:01] KRB-KR} h5 37. Ra5+ Kf6 38. Ra6+ Kg5 39. Be4 {[%emt 0:00:02][%csl Ge4][%cal Ra6g6] White mates.} Rg8 40. f4+ Kh6 41. f5 Re8 42. Rxg6+ Kh7 43. Kf3 h4 44. gxh4 Ra8 45. Bxa8 Kh8 46. Kg4 Kh7 47. Kg5 {[%emt 0:00:02] Weighted Error Value: White=0.41/Black=0.72} 1-0

[Event "Queens Festival Europe 2022"]
[Site "Tornelo"]
[Date "2022.06.19"]
[Round "3.4"]
[White "Cassi, Elisa"]
[Black "Bordin, Silvia"]
[Result "1/2-1/2"]
[ECO "C89"]
[WhiteElo "1999"]
[BlackElo "1991"]
[Annotator "NA RC"]
[PlyCount "69"]
[EventDate "2022.06.19"]
[EventType "swiss"]
[EventCountry "NET"]
[SourceTitle "playchess.com"]
[Source "ChessBase"]
[SourceQuality "1"]
[TimeControl "180+2"]

1. e4 e5 2. Nf3 Nc6 3. Bb5 a6 4. Ba4 Nf6 5. O-O Be7 6. Re1 b5 7. Bb3 O-O 8. c3 d5 9. exd5 Nxd5 10. Nxe5 Nxe5 11. Rxe5 c6 12. d4 Bd6 13. Re1 Qh4 14. g3 Qh3 15. Qf3 Bg4 16. Qg2 Qh5 17. Be3 Rae8 18. Nd2 Re6 19. Bd1 Bxd1 20. Raxd1 Rfe8 21. Qf3 Qxf3 22. Nxf3 Nxe3 23. fxe3 Rxe3 24. Rxe3 Rxe3 25. Kf2 Re8 26. Rd2 g6 27. d5 Bc5+ 28. Kf1 Be3 29. Rd3 cxd5 30. Rxd5 Kf8 31. Rd7 Re7 32. Rd8+ Re8 33. Rd7 Re7 34. Rd8+ Re8 35. Rd7 1/2-1/2

[Event "Queens Festival Europe 2022"]
[Site "Tornelo"]
[Date "2022.06.19"]
[Round "3.5"]
[White "Sikorova, Olga"]
[Black "Smith, Olivia"]
[Result "1-0"]
[ECO "A24"]
[WhiteElo "2173"]
[BlackElo "2039"]
[Annotator "TA"]
[PlyCount "101"]
[EventDate "2022.06.19"]
[EventType "swiss"]
[EventCountry "NET"]
[SourceTitle "playchess.com"]
[Source "ChessBase"]
[SourceQuality "1"]
[TimeControl "180+2"]

1. c4 Nf6 2. g3 g6 3. Bg2 Bg7 4. Nc3 d6 5. e4 e5 6. Nge2 O-O 7. O-O Be6 8. d3 Qd7 9. f4 Bh3 10. f5 Bxg2 11. Kxg2 c6 12. h3 {[%emt 0:00:03] A24: English Opening vs King's Indian: Lines without ...Nc6.} d5 13. g4 {[%emt 0:00:13] [#] Strongly threatening exd5. has lost popularity (13.cxd5).} dxe4 $146 ({Predecessor:} 13... h6 14. Ng3 dxc4 15. dxc4 Qxd1 16. Rxd1 Na6 17. Be3 Rfd8 18. a3 Nd7 19. Na4 Bf8 {1-0 (48) Gomez,J (2481)-Hesham,A (2336) Ho Chi Minh City 2017}) 14. dxe4 {[%emt 0:00:02] White is slightly better.} Qxd1 15. Rxd1 Na6 (15... h6 $14) 16. Be3 (16. g5 $1 $16 ) 16... gxf5 (16... Rfd8 $14) 17. gxf5 (17. exf5 $16 {And now g5 would win.} Rfd8 18. a3) 17... Rfd8 $14 18. Kf3 {[%emt 0:00:03] White is more active.} Nb4 19. Rxd8+ Rxd8 20. Rd1 (20. Rg1 $5 ) 20... Rxd1 21. Nxd1 Nxa2 22. Bxa7 Nd7 23. Be3 Nb4 24. Nec3 Nd3 25. b4 (25. Na4 $11) 25... Bf8 (25... Nxb4 $17 26. Nf2 Nc2) 26. b5 $11 Ne1+ 27. Kf2 Nc2 28. bxc6 bxc6 29. Ba7 Nc5 30. Nb2 Nd4 31. Bxc5 Bxc5 {[%emt 0:00:02][%mdl 4096] Endgame KBN-KNN} 32. Nd3 Bb6 33. Na4 Bd8 (33... Bc7 $11 {remains equal.}) 34. Nxe5 $16 Bf6 {[%emt 0:00:12] [#]} (34... f6 $16) 35. Nf3 {[%emt 0:00:05] Pair of Knights!} (35. Nd7 $1 $18 Bg5 36. Nac5) 35... Nb3 (35... Nxf3 $16 36. Kxf3 Bd4) 36. Nb6 (36. e5 $18 Be7 37. Ke3) 36... Nd4 $2 (36... Bb2 $16 37. Nd7 Na5) 37. Nd7 $18 Bh8 38. e5 $2 (38. f6 $18 Ne6 39. e5) 38... Nxf5 $14 39. Nb8 Ne7 40. Ke3 Kf8 {[%emt 0:00:02] [#]} ({Better is} 40... f6 $1 $14) 41. Ke4 (41. Kd4 $1 $16) 41... Ke8 42. Nd4 (42. Ng5 $5 ) 42... h5 $2 ({Much less strong is} 42... c5 43. Nf3 $16) (42... Ng6 $1 $11 {and Black stays safe.}) 43. Nbxc6 $18 Nxc6 (43... Ng6 44. Nf3 Kd7) 44. Nxc6 {[%emt 0:00:01] KB-KN} Kd7 45. Nd4 Bg7 46. Kd5 {[%emt 0:00:02] Threatening mate with Nf5.} Bf8 47. c5 Kc7 48. c6 Bb4 49. Nb5+ Kc8 50. e6 $2 (50. Nd6+ {mates} Kc7 51. Nxf7 Bc3 52. e6 Bb4 53. Nh6 Bf8 54. Nf5 Kd8 55. e7+ Bxe7 56. Nxe7) 50... fxe6+ $16 51. Kxe6 {[%emt 0:00:01] Weighted Error Value: White=0.61/Black=0.82} 1-0

[Event "Queens Festival Europe 2022"]
[Site "Tornelo"]
[Date "2022.06.19"]
[Round "3.5"]
[White "Gjergji, Rozana"]
[Black "Arora, Tashika"]
[Result "1-0"]
[ECO "C92"]
[WhiteElo "1920"]
[BlackElo "1822"]
[Annotator "NA RC"]
[PlyCount "99"]
[EventDate "2022.06.19"]
[EventType "swiss"]
[EventCountry "NET"]
[SourceTitle "playchess.com"]
[Source "ChessBase"]
[SourceQuality "1"]
[TimeControl "180+2"]

1. e4 e5 2. Nf3 Nc6 3. Bb5 a6 4. Ba4 Nf6 5. O-O b5 6. Bb3 Be7 7. Re1 d6 8. c3 O-O 9. h3 Bb7 10. Bc2 b4 11. d4 exd4 12. cxd4 Re8 13. b3 a5 14. Bb2 Na7 15. Nbd2 Nb5 16. e5 Nd5 17. Ne4 dxe5 18. Nxe5 Ndc3 19. Nxc3 bxc3 20. Bc1 Qxd4 21. Qh5 g6 22. Qh6 Bf8 23. Qg5 Bg7 24. Bf4 f6 25. Qg3 fxe5 26. Be3 Qd6 27. Rad1 Qc6 28. Bd3 Nd6 29. a4 e4 30. Be2 Nf5 31. Qf4 Be5 32. Qg5 h6 33. Bc4+ Kh7 34. Qg4 Rad8 35. Bb5 Qf6 36. Bxe8 Rxe8 37. Rd7+ Re7 38. Red1 h5 39. Qg5 Qxg5 40. Bxg5 Rxd7 41. Rxd7+ Kg8 42. g4 hxg4 43. hxg4 Nd4 44. Bd8 Bc6 45. Bg5 Nf3+ 46. Kf1 Bxd7 47. Ke2 Nxg5 48. Ke3 Bxg4 49. f4 exf3 50. b4 1-0

[Event "Queens Festival Europe 2022"]
[Site "Tornelo"]
[Date "2022.06.19"]
[Round "3.5"]
[White "Vicze, Zsofia"]
[Black "Stadlinger, Lea"]
[Result "1-0"]
[ECO "C30"]
[WhiteElo "1749"]
[BlackElo "1723"]
[Annotator "NA RC"]
[PlyCount "77"]
[EventDate "2022.06.19"]
[EventType "swiss"]
[EventCountry "NET"]
[SourceTitle "playchess.com"]
[Source "ChessBase"]
[SourceQuality "1"]
[TimeControl "180+2"]

1. e4 e5 2. Bc4 Nc6 3. d3 Nf6 4. Nc3 Bc5 5. f4 d6 6. Nf3 Ng4 7. Rf1 Be3 8. h3 Bxc1 9. Qxc1 Nf6 10. f5 Nd4 11. Ng5 d5 12. Nxd5 Nxd5 13. Bxd5 O-O 14. Nf3 c6 15. Bb3 Nxb3 16. axb3 f6 17. Qd2 Bd7 18. g4 Be8 19. h4 Bf7 20. g5 c5 21. Rg1 b5 22. Qh2 c4 23. bxc4 bxc4 24. gxf6 Qxf6 25. Qxe5 Qxe5 26. Nxe5 cxd3 27. cxd3 Rfd8 28. Ke2 Bh5+ 29. Ke3 Re8 30. Nd7 Kf7 31. Rac1 Re7 32. Nc5 Rb8 33. Rc2 Rb5 34. Kf4 Rc7 35. Rgc1 Rb4 36. Ne6 Rxc2 37. Rxc2 Rb7 38. Ng5+ Kg8 39. Rc8+ 1-0

[Event "Queens Festival Europe 2022"]
[Site "Tornelo"]
[Date "2022.06.19"]
[Round "3.5"]
[White "Jafarova, Aysel"]
[Black "Rahimli, Ulkar"]
[Result "1-0"]
[ECO "A18"]
[WhiteElo "1481"]
[BlackElo "1268"]
[Annotator "NA RC"]
[PlyCount "87"]
[EventDate "2022.06.19"]
[EventType "swiss"]
[EventCountry "NET"]
[SourceTitle "playchess.com"]
[Source "ChessBase"]
[SourceQuality "1"]
[TimeControl "180+2"]

1. d4 Nf6 2. c4 d6 3. Nc3 e6 4. e4 Be7 5. f3 O-O 6. Be3 b6 7. Qd2 Bb7 8. Nge2 Nbd7 9. g4 c5 10. Ng3 cxd4 11. Bxd4 Nc5 12. g5 Nfd7 13. h4 f6 14. Qh2 Ne5 15. Be2 Ncd3+ 16. Bxd3 Nxf3+ 17. Kf2 Nxh2 18. Rxh2 e5 19. Be3 fxg5+ 20. Ke2 g4 21. Nf5 Bc8 22. Nd5 Bxf5 23. exf5 Bf6 24. Be4 h5 25. Nxf6+ Qxf6 26. Bg5 Rac8 27. Bd5+ Kh7 28. Bxf6 Rxf6 29. Rf1 Rc5 30. Be6 a6 31. Kd3 b5 32. b4 bxc4+ 33. Bxc4 e4+ 34. Kd4 Rc6 35. Rc2 Rb6 36. a3 g3 37. Rg2 Rc6 38. Rxg3 Rc8 39. Rfg1 Rc7 40. Be6 Rf8 41. Kxe4 Re8 42. Kd5 Rc2 43. Rxg7+ Kh6 44. R1g6# 1-0

[Event "Queens Festival Europe 2022"]
[Site "Tornelo"]
[Date "2022.06.19"]
[Round "3.6"]
[White "Ismayil, Malak"]
[Black "Kanyamarala, Trisha"]
[Result "1-0"]
[ECO "B51"]
[WhiteElo "2001"]
[BlackElo "2127"]
[Annotator "NA RC"]
[PlyCount "81"]
[EventDate "2022.06.19"]
[EventType "swiss"]
[EventCountry "NET"]
[SourceTitle "playchess.com"]
[Source "ChessBase"]
[SourceQuality "1"]
[TimeControl "180+2"]

1. e4 c5 2. Nf3 d6 3. Bb5+ Nd7 4. O-O Ngf6 5. Qe2 a6 6. Bxd7+ Bxd7 7. h3 e6 8. Rd1 Be7 9. d4 cxd4 10. Nxd4 O-O 11. c4 Rb8 12. Nc3 Qa5 13. Bd2 Qc7 14. Rac1 Bc6 15. b3 Bd7 16. Bg5 h6 17. Bh4 Rfd8 18. Bg3 Qa5 19. Qe1 b5 20. cxb5 axb5 21. Kh2 Nh5 22. Nd5 Qxe1 23. Nxe7+ Kf8 24. Ng6+ Ke8 25. Rxe1 Nxg3 26. Kxg3 fxg6 27. Rcd1 e5 28. Nc2 Be6 29. Nb4 Rbc8 30. Rc1 Kd7 31. Red1 Ra8 32. Rc6 Ke7 33. Rb6 Rd7 34. Rxb5 Kf7 35. Rb6 Rc8 36. Rbxd6 Rc3+ 37. f3 Rb7 38. Nd3 Rc2 39. Nxe5+ Kf6 40. Nc6 Rxa2 41. Rxe6+ 1-0

[Event "Queens Festival Europe 2022"]
[Site "Tornelo"]
[Date "2022.06.19"]
[Round "3.6"]
[White "Can, Isil"]
[Black "Stastna, Martina"]
[Result "0-1"]
[ECO "C54"]
[WhiteElo "1901"]
[BlackElo "1912"]
[Annotator "NA RC"]
[PlyCount "62"]
[EventDate "2022.06.19"]
[EventType "swiss"]
[EventCountry "NET"]
[SourceTitle "playchess.com"]
[Source "ChessBase"]
[SourceQuality "1"]
[TimeControl "180+2"]

1. e4 e5 2. Nf3 Nc6 3. Bc4 Bc5 4. d3 Nf6 5. Nbd2 d6 6. c3 Be6 7. O-O O-O 8. b4 Bb6 9. a4 a5 10. b5 Ne7 11. Bxe6 fxe6 12. Nc4 Bc5 13. d4 exd4 14. cxd4 Bb4 15. Qd3 Ng6 16. Bg5 Qe8 17. Ncd2 e5 18. Qc4+ Kh8 19. Qxc7 Bxd2 20. Nxd2 exd4 21. Bxf6 Rxf6 22. Qxb7 Nf4 23. Nf3 d3 24. Rad1 Re6 25. g3 Ne2+ 26. Kg2 Rxe4 27. Rxd3 Rd8 28. Kh1 Qh5 29. Qxe4 Re8 30. Qd5 Qh3 31. Ng5 Qxf1# 0-1

[Event "Queens Festival Europe 2022"]
[Site "Tornelo"]
[Date "2022.06.19"]
[Round "3.6"]
[White "Thornton, Filipina"]
[Black "van den Brink, Nienke"]
[Result "0-1"]
[ECO "B90"]
[WhiteElo "1660"]
[BlackElo "1771"]
[Annotator "NA RC"]
[PlyCount "98"]
[EventDate "2022.06.19"]
[EventType "swiss"]
[EventCountry "NET"]
[SourceTitle "playchess.com"]
[Source "ChessBase"]
[SourceQuality "1"]
[TimeControl "180+2"]

1. e4 c5 2. Nf3 d6 3. d4 cxd4 4. Nxd4 Nf6 5. Nc3 a6 6. f3 e5 7. Nb3 Be6 8. Be3 Be7 9. Qd2 O-O 10. g4 b5 11. h4 d5 12. exd5 Nxd5 13. Nxd5 Qxd5 14. Qxd5 Bxd5 15. Be2 Nc6 16. O-O-O Be6 17. Nc5 Bc8 18. f4 exf4 19. Bxf4 Bxc5 20. Bf3 Bb7 21. Rd7 Ne5 22. Bxb7 Nxd7 23. Bxa8 Rxa8 24. Re1 h6 25. g5 hxg5 26. Bxg5 Nb6 27. Re5 Bd4 28. Re7 Rd8 29. c3 Bc5 30. Rc7 f6 31. Bxf6 Be3+ 32. Kc2 gxf6 33. h5 Nd5 34. Rb7 Bg5 35. Kb3 Kh8 36. Ra7 Rd6 37. a4 bxa4+ 38. Kxa4 Nb6+ 39. Ka3 Nc4+ 40. Kb3 Rc6 41. Re7 Bc1 42. Re2 Bg5 43. Rh2 Na5+ 44. Kc2 Rd6 45. Re2 Nc4 46. Re7 Rd2+ 47. Kb3 Nxb2 48. Ra7 Nd3 49. Rxa6 Nc5+ 0-1